AoeStats
← Schweindals | LordN00bius

Nomad

509957036Analyzed
3v3 RM · 3d ago on Sep 28, 2026· 72m 55s· 6 players
Game mode
Random Map
Map size
210×210
Population
200
Speed
Normal
Resources
Standard
Victory
Conquest
Starting age
Dark Age
Ending age
Imperial Age
RankedLock teamsTeams togetherTeam positionsShared explorationLock speedFull tech treeHidden civsTurbo modeCheats
Victory
Defeat
874
+11
🇩🇪 Varangians · Germany
838
+13
🇩🇪 Magyars · Germany
763
+15
🇩🇰 Spanish · Denmark
836
-16
🇩🇰 Britons · Denmark
736
-12
🇩🇰 Varangians · Denmark
715
-11
jensdixen
13:36 Feudal Age
19:35 Castle Age
19:43 Stone Mining
20:56 Double-Bit Axe
21:04 Horse Collar
40:49 Town Watch
40:50 Loom
47:12 Imperial Age
45:31 Wheelbarrow
45:51 Fletching
47:50 Gold Mining
48:29 Scale Barding Armor
51:22 Cavalier
54:18 Chain Barding Armor
65:41 Fletching
65:26 Pikeman
66:42 Scale Mail Armor
66:53 Forging
66:09 Halberdier
71:12 Chain Mail Armor
71:33 Iron Casting
70:54 Bodkin Arrow
Søren
15:06 Loom
17:27 Feudal Age
18:00 Double-Bit Axe
17:57 Horse Collar
18:25 Gold Mining
18:25 Stone Mining
20:23 Wheelbarrow
25:22 Castle Age
23:40 Fletching
26:23 Bow Saw
26:15 Heavy Plow
26:36 Bodkin Arrow
30:02 Ballistics
29:15 Pikeman
30:49 Padded Archer Armor
33:20 Squires
34:05 Town Watch
35:54 Leather Archer Armor
37:05 Town Patrol
38:54 Arson
40:15 Hand Cart
41:09 Murder Holes
45:28 Imperial Age
43:42 Scale Mail Armor
45:30 Chain Mail Armor
45:35 Elite Longbowman
47:32 Yeomen
50:53 Halberdier
52:52 Bracer
53:22 Ring Archer Armor
53:56 Chemistry
53:34 Halberdier
55:35 Hoardings
63:11 Gold Shaft Mining
RiceKrispies922
3:52 Loom
15:11 Feudal Age
16:31 Wheelbarrow
15:43 Double-Bit Axe
15:43 Horse Collar
17:48 Fishing Lines
21:46 Man-at-Arms
25:03 Castle Age
25:42 Forging
25:33 Scale Mail Armor
25:24 Fletching
26:25 Bloodlines
25:59 Pikeman
26:40 Squires
26:03 Elite Skirmisher
36:04 Hand Cart
36:03 Bow Saw
38:24 Bodkin Arrow
40:40 Chain Mail Armor
40:31 Gold Mining
47:38 Iron Casting
48:43 Ballistics
48:34 Masonry
48:20 Murder Holes
52:27 Gillnets
64:38 Iron Casting
Schweindals | LordN00bius
13:56 Loom
16:57 Feudal Age
17:27 Double-Bit Axe
21:12 Castle Age
19:43 Scale Barding Armor
19:52 Forging
20:15 Gold Mining
23:00 Chain Barding Armor
22:58 Bow Saw
23:26 Bloodlines
23:53 Iron Casting
28:21 Wheelbarrow
31:53 Fletching
32:39 Elite Skirmisher
35:27 Ballistics
35:10 Bodkin Arrow
36:47 Town Watch
38:37 Husbandry
42:41 Gambesons
46:35 Imperial Age
47:13 Masonry
47:45 Conscription
48:05 Cavalier
48:05 Light Cavalry
48:44 Horse Collar
48:55 Stone Mining
50:39 Plate Barding Armor
51:39 Heavy Plow
51:56 Bracer
52:16 Block Printing
52:23 Sanctity
52:14 Redemption
52:00 Herbal Medicine
52:29 Paladin
57:58 Pikeman
61:17 Architecture
60:42 Murder Holes
62:12 Blast Furnace
63:01 Padded Archer Armor
63:39 Theocracy
63:29 Illumination
63:46 Elite Conquistador
65:33 Hoardings
65:24 Leather Archer Armor
65:32 Capped Ram
65:37 Hussar
66:50 Siege Ram
69:13 Chemistry
69:14 Two-Man Saw
70:05 Ring Archer Armor
69:35 Scale Mail Armor
69:57 Clinker Construction
69:13 Onager
Phil
19:00 Feudal Age
20:34 Town Watch
21:30 Double-Bit Axe
26:32 Castle Age
24:25 Fletching
24:55 Forging
24:52 Scale Barding Armor
24:29 Man-at-Arms
26:11 Wheelbarrow
26:27 Horse Collar
28:27 Husbandry
30:16 Bodkin Arrow
36:03 Bow Saw
36:59 Light Cavalry
37:49 Bloodlines
47:57 Loom
50:14 Heavy Plow
50:05 Gold Mining
53:41 Town Patrol
58:36 Imperial Age
57:13 Chain Barding Armor
57:44 Hand Cart
58:47 Murder Holes
61:54 Crop Rotation
61:30 Bracer
61:52 Ballistics
65:51 Stone Mining
66:38 Plate Barding Armor
67:06 Chemistry
66:28 Conscription
Woischlauch
5:11 Loom
15:49 Feudal Age
17:44 Horse Collar
18:31 Bloodlines
24:47 Castle Age
27:35 Husbandry
28:34 Double-Bit Axe
28:53 Heavy Plow
31:59 Murder Holes
32:25 Ballistics
35:03 Wheelbarrow
34:30 Corvinian Army
36:01 Town Watch
36:01 Elite Skirmisher
41:01 Imperial Age
39:50 Fletching
40:45 Bodkin Arrow
41:36 Padded Archer Armor
43:04 Bow Saw
46:30 Hoardings
48:52 Two-Man Saw
49:31 Conscription
52:59 Leather Archer Armor
53:51 Crop Rotation
56:32 Elite Magyar Huszar
60:12 Gold Mining
60:12 Stone Mining
60:58 Scale Barding Armor
64:18 Ring Archer Armor
69:54 Heavy Cavalry Archer
71:00 Parthian Tactics
71:29 Recurve Bow
72:05 Bracer
Connection lost

Rejoining the realm…

Still unreachable

The connection could not be restored.

Session expired

The server has moved on; the page needs a fresh start.